 Dungeon Crawl Stone Soup version 0.29-a0-1023-g6ae1a4a2c7 (webtiles) character file.

Game seed: 11009353052184105215

273 RBrandon the Ruffian (level 6, -9/45 HPs)
             Began as a Ghoul Summoner on Aug 12, 2022.
             Was a Priest of Dithmenos.
             Mangled by an ogre
             ... wielding a +0 giant spiked club
              (19 damage)
             ... on level 3 of the Dungeon.
             The game lasted 00:06:23 (4797 turns).

RBrandon the Ruffian (Ghoul Summoner)               Turns: 4797, Time: 00:06:23

Health: -9/45      AC:  9    Str: 11 (14) XL:     6   Next: 23%
Magic:  7/7        EV:  8    Int:  8 (10) God:    Dithmenos [***...]
Gold:   130        SH:  0    Dex:  6 (9)  Spells: 5/8 levels left

rFire   . . .      SeeInvis .     - Unarmed
rCold   + . .      Faith    .   (no shield)
rNeg    + + +      Spirit   .   l - +0 scale mail
rPois   ∞          Reflect  .   m - +1 helmet
rElec   .          Harm     .   s - +0 cloak
rCorr   .          Rampage  .   (no gloves)
Will    .....                   (no boots)
Stlth   ..........              (no amulet)
HPRegen 0.00/turn               (no ring)
MPRegen 0.10/turn               (no ring)

@: inhibited regen, wreathed by umbra, invisible
A: claws 1, cold resistance 1, negative energy resistance 3, inhibited
regeneration, torment resistance 2, devour on kill
a: Renounce Religion, Shadow Step


You were on level 3 of the Dungeon.
You worshipped Dithmenos.
Dithmenos was most pleased with you.
You visited 1 branch of the dungeon, and saw 3 of its levels.

You collected 130 gold pieces.

Inventory:

Missiles
 k - 2 silver javelins
Armour
 a - a +0 robe
 d - a +0 ring mail
 l - a +0 scale mail (worn)
 m - a +1 helmet (worn)
 r - a +0 pair of gloves
 s - a +0 cloak (worn)
Scrolls
 e - 4 scrolls of identify {unknown}
 g - 3 scrolls of teleportation {unknown}
 j - 2 scrolls of fog {unknown}
 n - a scroll of torment {unknown}
 p - 2 scrolls of poison {unknown}
Potions
 b - a potion of magic


   Skills:
 - Level 1.7 Dodging
 - Level 2.1 Stealth
 + Level 6.5 Unarmed Combat
 - Level 1.7 Spellcasting
 - Level 3.6 Summonings


You had 5 spell levels left.
You knew the following spells:

 Your Spells              Type           Power      Damage    Failure   Level
a - Summon Small Mammal   Summ           24%        N/A       47%         1
b - Call Imp              Summ           6%         N/A       63%         2

Your spell library contained the following spells:

 Spells                   Type           Power      Damage    Failure   Level
 Call Canine Familiar     Summ           6%         N/A       85%         3
 Foxfire                  Conj/Fire      0%         2x1d4     93%         1
 Shock                    Conj/Air       0%         1d3       93%         1
 Summon Guardian Golem    Hex/Summ       3%         N/A       98%         3
 Conjure Flame            Conj/Fire      0%         6-21      100%        3
 Inner Flame              Hex/Fire       0%         N/A       100%        3
 Swiftness                Air            0%         N/A       100%        3
 Airstrike                Air            0%         2d(0-16)  100%        4
 Flame Wave               Conj/Fire      0%         2d4       100%        4
 Hailstorm                Conj/Ice       0%         3d3       100%        4
 Summon Lightning Spire   Summ/Air       3%         N/A       100%        4
 Simulacrum               Ice/Necr       0%         N/A       100%        6
 Ice Form                 Ice/Tmut       Unusable   N/A       N/A         4

Dungeon Overview and Level Annotations

Branches:
Dungeon (3/15)

Altars:
Dithmenos
Nemelex Xobeh

Annotations:
D:3 1 runed translucent door, Stellion's ghost, amateur HOFi


Innate Abilities, Weirdness & Mutations

You are immune to poison.
You have sharp fingernails.
Your flesh is cold resistant. (rC+)
You are immune to negative energy. (rN+++)
You do not regenerate when monsters are visible.
You are immune to unholy pain and torment.
You thrive by killing the living.


Message History

You start waiting.
The jelly jiggles.
You start to feel less resistant.
The jelly jiggles.
You start waiting.
Your resistance to elements expires.
It was a potion of cancellation.
You feel magically purged.
It was a potion of invisibility.
You fade into invisibility!
Nemelex Xobeh says, "You lose!"
A transporter appears.
You enter the transporter and appear at another place.
You claw the jelly!
Your claws burn!
The jelly is heavily wounded.
The jelly hits you but does no damage.
You claw the jelly!
Your claws burn!
The jelly is almost dead.
The jelly closely misses you.
You claw the jelly!
You kill the jelly!
Dithmenos accepts your kill. The ogre barely misses you.
You claw the ogre!
The ogre is moderately wounded.
You scratch the ogre.
The ogre is moderately wounded.
The ogre barely misses you.
You scratch the ogre.
The ogre is severely wounded.
You barely miss the ogre.
The ogre is severely wounded.
The ogre hits you with a +0 giant spiked club!!
Ouch! That really hurt!
* * * LOW HITPOINT WARNING * * *
You emit a cloud of dark smoke.
You catch the helpless ogre completely off-guard!
You scratch the ogre.
The ogre is severely wounded.
The ogre hits you with a +0 giant spiked club!!
You die...

...## #.###▓▓▓▓▓▓▓
#'## #.###.....§#
#)### #.#.'...._©#
#.#.## #...#.....§#
#....#######▓▓▓▓▓▓▓
......# ▓⌠...⌠▓
.....## ▓..§.§▓
.....## ▓©.O§§▓
#..#..######▓..§@§▓
#.###......#▓⌠.§§⌠▓
#..#..### ▓▓▓▓▓▓▓
#....## #.#### #.#
#.# #.# #.#
###########


You could see an ogre (unable to see you).

Vanquished Creatures
  A jelly (D:3)
  7 gnolls (D:3)
  Robin (D:3)
  5 adders
  A worm (D:2)
  5 bats
  6 endoplasms
  6 giant cockroaches
  12 goblins
  5 hobgoblins
  4 jackals (D:2)
  4 quokkas
  7 ball pythons
  5 frilled lizards
  4 kobolds
  6 rats
79 creatures vanquished.

Vanquished Creatures (collateral kills)
  Crazy Yiuf (D:2)
  2 hobgoblins
  A quokka (D:1)
  2 frilled lizards (D:1)
6 creatures vanquished.

Grand Total: 85 creatures vanquished

Notes
Turn   | Place    | Note
-------+----------+-------------------------------------------
     0 | D:1      | RBrandon the Ghoul Summoner began the quest for the Orb.
     0 | D:1      | Reached XP level 1. HP: 14/14 MP: 2/2
    53 | D:1      | Reached skill level 1 in Unarmed Combat
   492 | D:1      | Reached XP level 2. HP: 20/20 MP: 0/3
   601 | D:1      | Found a faded altar of an unknown god.
   702 | D:1      | Prayed at the altar of an unknown god.
   702 | D:1      | Became a worshipper of Dithmenos the Shadowed
   702 | D:1      | Reached * piety under Dithmenos
   750 | D:1      | Reached skill level 2 in Unarmed Combat
  1522 | D:1      | Reached XP level 3. HP: 22/26 MP: 1/4
  1673 | D:1      | Reached skill level 3 in Unarmed Combat
  1857 | D:2      | Reached ** piety under Dithmenos
  1974 | D:2      | Found a runed translucent door.
  1975 | D:2      | Noticed Crazy Yiuf
  2768 | D:3      | Noticed Robin
  2771 | D:3      | Reached XP level 4. HP: 32/33 MP: 5/5
  2775 | D:3      | Killed Robin
  2776 | D:3      | Reached skill level 4 in Unarmed Combat
  3112 | D:3      | Learned a level 2 spell: Call Imp
  3306 | D:3      | Reached skill level 5 in Unarmed Combat
  3306 | D:3      | Reached XP level 5. HP: 37/38 MP: 4/6
  3378 | D:3      | Found a runed translucent door.
  3380 | D:3      | Noticed Stellion's ghost (amateur HOFi)
  3823 | D:2      | Reached *** piety under Dithmenos
  4382 | D:2      | Killed Crazy Yiuf
  4493 | D:3      | Reached skill level 6 in Unarmed Combat
  4642 | D:3      | Reached XP level 6. HP: 43/45 MP: 7/7
  4726 | D:3      | Found a sparkling altar of Nemelex Xobeh.
  4726 | D:3      | Found a transporter.
  4797 | D:3      | Mangled by an ogre

Illustrated notes

Levels and vault maps discovered:
D:1:      lemuel_arrival_cross, layout_basic, ebering_ecumenical_altar_webs,
          st_stairs_8, minmay_crystal_water
D:2:      layout_basic, uniq_crazy_yiuf_cottage
D:3:      layout_loops_corners, grunt_nemelex_the_gamble,
          hellmonk_ghost_happy_afterlife, uniq_robin

Skill      XL: |  1  2  3  4  5 |
---------------+----------------+-----
Unarmed Combat | 1 2 3 5 6 |  6.5
Dodging        | |  1.7
Stealth        | |  2.1
Spellcasting   | |  1.7
Summonings     | |  3.6

Action                   |  1- 3 |  4- 6 || total
-------------------------+-------+-------++-------
Melee: Unarmed           |   150 |   128 ||   278
       Punch             |     4 |     3 ||     7
 Cast: Summon Small Mamm |    17 |     4 ||    21
       Call Imp          |       |     2 ||     2
  Use: Potion            |       |     6 ||     6
 Stab: Invisible         |       |     1 ||     1
Armor: Robe              |    12 |       ||    12
       Ring mail         |    40 |       ||    40
       Scale mail        |     3 |    36 ||    39
Dodge: Dodged            |    88 |    52 ||   140

Table legend: (Time is in decaauts)
 A = Elapsed time spent in this place.
 B = Non-inter-level travel time spent in this place.
 C = Inter-level travel time spent in this place.
 D = Time resting spent in this place.
 E = Time spent auto-exploring this place.
 F = Levels seen in this place.
 G = Mean time per level.
                   A        B        C        D        E       F      G
               +--------+--------+--------+--------+--------+-----+--------+
         Total |   4779 |   4721 |     58 |   1275 |   2616 |   3 | 1593.0 |
       Dungeon |   4779 |   4721 |     58 |   1275 |   2616 |   3 | 1593.0 |
               +--------+--------+--------+--------+--------+-----+--------+

Top non-repeatable levels by time:
     D:1: 1856 daAuts
     D:3: 1562 daAuts
     D:2: 1361 daAuts

Table legend:
 A = Kills in this place as a percentage of kills in entire the game.
 B = Kills by you in this place as a percentage of kills by you in the entire game.
 C = Kills by friends in this place as a percentage of kills by friends in the entire game.
 D = Other kills in this place as a percentage of other kills in the entire game.
 E = Experience gained in this place as a percentage of experience gained in the entire game.
 F = Experience gained in this place divided by the number of levels of this place that you have seen.
                   A       B       C       D       E      F
               +-------+-------+-------+-------+-------+----------------------
         Total | 100.0 | 100.0 | 100.0 |   N/A | 100.0 | 130.0
       Dungeon | 100.0 | 100.0 | 100.0 |   N/A | 100.0 | 130.0
               +-------+-------+-------+-------+-------+----------------------
